 Dungeon Crawl Stone Soup version 0.27.0-1-g7a08968 (webtiles) character file.

Game seed: 8255589963943255980

95 BALLS the Changer (level 4, -5/29 HPs)
             Began as an Octopode Transmuter on Jan 20, 2022.
             Was an Initiate of Ashenzari.
             Slain by an ice beast (14 damage)
             ... on level 3 of the Dungeon.
             The game lasted 00:07:59 (3012 turns).

BALLS the Changer (Octopode Transmuter)             Turns: 3012, Time: 00:07:59

Health: -5/29      AC:  1    Str: 10    XL:     4   Next: 66%
Magic:  7/7        EV: 17    Int: 15    God:    Ashenzari [......]
Gold:   121        SH:  0    Dex: 12    Spells: 3/7 levels left

rFire    . . .     SeeInvis .     - Unarmed
rCold    . . .     Faith    .   (no shield)
rNeg     . . .     Spirit   .   (helmet restricted)
rPois    .         Reflect  .   (no amulet)
rElec    .         Harm     .   g - +4 ring of evasion
rCorr    .         Rampage  .   (no ring)
Will     .....                  (no ring)
Stlth    ++........             (no ring)
HPRegen  0.09/turn              (no ring)
MPRegen  0.10/turn              (no ring)
                                (no ring)
                                (no ring)

@: no status effects
A: almost no armour, amphibious, 8 rings, camouflage 1, gelatinous body 1,
(nimble swimmer 1), tentacles
a: Renounce Religion


You were on level 3 of the Dungeon.
You worshipped Ashenzari.
Ashenzari was noncommittal.
You visited 1 branch of the dungeon, and saw 3 of its levels.

You collected 121 gold pieces.

Inventory:

Jewellery
 g - a +4 ring of evasion (left tentacle)
Scrolls
 a - 2 scrolls of teleportation
 b - 2 scrolls of brand weapon
 c - 3 scrolls of identify
 h - a scroll of enchant weapon
 j - a scroll of summoning
 m - a scroll of fear
Potions
 d - 2 potions of lignification
 e - a potion of might
 f - a potion of brilliance
 i - a potion of attraction
 k - a potion of haste
 l - a potion of berserk rage


   Skills:
 - Level 2.0 Fighting
 - Level 2.0 Dodging
 - Level 0.6 Stealth
 - Level 3.0 Unarmed Combat
 - Level 2.0 Spellcasting
 + Level 3.8 Transmutations
 - Level 2.0 Poison Magic


You had 3 spell levels left.
You knew the following spells:

 Your Spells              Type           Power      Damage    Failure   Level
a - Beastly Appendage     Tmut           26%        N/A       4%          1
b - Spider Form           Tmut/Pois      5%         N/A       21%         3

Your spell library contained the following spells:

 Spells                   Type           Power      Damage    Failure   Level
 Wereblood                Tmut           13%        N/A       7%          2
 Ice Form                 Ice/Tmut       7%         N/A       71%         4


Dungeon Overview and Level Annotations

Branches:
Dungeon (3/15)

Altars:
Ashenzari
Gozag
Nemelex Xobeh
Sif Muna


Innate Abilities, Weirdness & Mutations

You cannot wear most types of armour.
You are amphibious.
You can wear up to eight rings at the same time.
Your skin changes colour to match your surroundings (Stealth+).
Your rubbery body absorbs attacks. (AC +1, EV +1)
((You are camouflaged near water. (Stealth+)))
You have tentacles for arms and can constrict up to eight enemies at once.


Message History

You open the door.
There is an open door here.
You open the door.
A ball python comes into view.
There is an open door here.
Okay, then.
Casting: Beastly Appendage (safe; 4% risk of failure)
Confirm with . or Enter, or press ? or * to list all spells.
One of your tentacles grows a vicious spike.
The helpless ball python fails to defend itself.
You tentacle-slap the ball python.
You kill the ball python!
Your tentacle spike disappears.
A ball python comes into view.
A ball python is nearby!
The ball python hisses angrily.
An ice beast comes into view.
The ball python closely misses you. The ball python completely misses you.
Found 8 datura-tipped darts.
The ball python completely misses you. The ball python misses you.
Casting: Beastly Appendage (safe; 4% risk of failure)
Confirm with . or Enter, or press ? or * to list all spells.
One of your tentacles grows a vicious spike.
The ball python barely misses you. The ball python completely misses you.
You tentacle-slap the ball python.
You kill the ball python!
You tentacle-slap the ice beast but do no damage.
The ice beast hits you. The ice beast freezes you!
You tentacle-slap the ice beast.
Your tentacle spike misses the ice beast.
The ice beast is lightly wounded.
The ice beast hits you. The ice beast freezes you.
* * * LOW HITPOINT WARNING * * *
Your transformation is almost over.
Your tentacle spike disappears.
There is an open door here.
There is an open door here.
There is an escape hatch in the ceiling here.
The ice beast hits you. The ice beast freezes you!
You die...

#.......## ##...#.#
##.....## ##.##.#
##...## #.##.#
##'## #.##.# #.#
#....# ######.###
#.#### #........#
..##.###Y...#
#.......@...# .#
..##.###....####
###. #.###..#.#..
.(.
#........#.###..###
#####.............
##.#....#.#.#
#.##...#...# .#
#.#........# ...
#.#.####...####.#


You could see an ice beast.

Vanquished Creatures
  4 adders
  A worm (D:2)
  2 dart slugs (D:1)
  An orc (D:3)
  7 ball pythons
  3 endoplasms
  3 giant cockroaches
  4 goblins (D:1)
  6 hobgoblins
  5 jackals (D:1)
  A kobold (D:2)
  3 quokkas (D:1)
  2 bats
  A frilled lizard (D:3)
  8 rats
51 creatures vanquished.

Notes
Turn   | Place    | Note
-------+----------+-------------------------------------------
     0 | D:1      | BALLS the Octopode Transmuter began the quest for the Orb.
     0 | D:1      | Reached XP level 1. HP: 13/13 MP: 3/3
   312 | D:1      | Reached XP level 2. HP: 11/18 MP: 5/5
  1048 | D:1      | Reached XP level 3. HP: 12/23 MP: 4/6
  1264 | D:1      | Learned a level 3 spell: Spider Form
  1275 | D:1      | Found a faded altar of an unknown god.
  1768 | D:1      | Reached skill level 1 in Poison Magic
  2040 | D:2      | Reached XP level 4. HP: 28/28 MP: 5/7
  2447 | D:3      | Noticed a scorpion
  2609 | D:3      | Found an opulent altar of Gozag.
  2644 | D:3      | Found a shimmering blue altar of Sif Muna.
  2788 | D:3      | Found a broken altar of Ashenzari.
  2794 | D:3      | Became a worshipper of Ashenzari the Shackled
  2875 | D:3      | Found a sparkling altar of Nemelex Xobeh.
  2981 | D:3      | Noticed an ice beast
  3012 | D:3      | Slain by an ice beast

Illustrated notes

Levels and vault maps discovered:
D:1:      dpeg_arrival_pond, layout_basic, ebering_ecumenical_altar_hall
D:2:      layout_rooms
D:3:      layout_loops_corners, mainiacjoe_overflow_paths, led_sif_pool,
          lightli_temple_of_fire, mainiacjoe_overflow_alcove_4,
          evilmike_ruin_ashenzari

Skill      XL: |  1  2  3  4 |
---------------+-------------+-----
Transmutations | 3 |  3.8
Poison Magic   | 2 |  2.0
Fighting       | 2 |  2.0
Dodging        | |  2.0
Stealth        | |  0.6
Unarmed Combat | |  3.0
Spellcasting   | |  2.0

Action                   |  1- 3 |  4- 6 || total
-------------------------+-------+-------++-------
Melee: Unarmed           |   102 |    33 ||   135
       Constrict         |    25 |     9 ||    34
       Tentacles         |    12 |     5 ||    17
       Kick              |    14 |     4 ||    18
       Punch             |     2 |       ||     2
 Cast: Beastly Appendage |    11 |     9 ||    20
 Stab: Sleeping          |     4 |     2 ||     6
Armor: Skin              |    10 |     2 ||    12
Dodge: Dodged            |    62 |    30 ||    92
